 Dungeon Crawl Stone Soup version 0.28.0-43-g3370ac3207 (console) character file.

Game seed: 12235072382769703368

21256 Zeor the Eclecticist (level 12, -9/64 HPs)
             Began as a Deep Elf Ice Elementalist on Mar 18, 2022.
             Was a Priest of Vehumet.
             Mangled by a black mamba (12 damage)
             ... on level 4 of the Lair of Beasts on Mar 21, 2022.
             The game lasted 00:55:27 (13463 turns).

Zeor the Eclecticist (Deep Elf Ice Elementalist)   Turns: 13463, Time: 00:55:28

Health: -9/64      AC: 13    Str:  5    XL:     12   Next: 52%
Magic:  17/37      EV: 16    Int: 29    God:    Vehumet [***...]
Gold:   786        SH:  0    Dex: 15    Spells: 26/50 levels left

rFire   . . .      SeeInvis .   a - +4 quarterstaff (chaos)
rCold   . . .      Faith    .   (shield currently unavailable)
rNeg    . . .      Spirit   .   s - +0 steam dragon scales
rPois   .          Reflect  .   O - +2 helmet {Int+3}
rElec   .          Harm     .   z - +1 cloak
rCorr   .          Rampage  .   h - +1 pair of gloves
Will    ++...                   d - +0 pair of boots
Stlth   +++.......              g - amulet of regeneration
HPRegen 1.00/turn               L - ring of wizardry
MPRegen 0.25/turn               w - ring of willpower

@: lethally poisoned (-9 -> -11), freezing walls
A: no striking features
a: Renounce Religion


You were on level 4 of the Lair of Beasts.
You worshipped Vehumet.
Vehumet was most pleased with you.
You visited 3 branches of the dungeon, and saw 13 of its levels.

You collected 786 gold pieces.

Inventory:

Hand Weapons
 a - a +4 quarterstaff of chaos (weapon)
 y - a +0 vorpal short sword
 A - a +1 dagger of chaos
Missiles
 e - 56 bolts
 j - 6 atropa-tipped darts
 k - a throwing net
 n - 9 poisoned darts
 o - 31 arrows
 p - 10 javelins
Armour
 d - a +0 pair of boots (worn)
 h - a +1 pair of gloves (worn)
 s - +0 steam dragon scales (worn)
 z - a +1 cloak (worn)
 E - a +1 hat of willpower
 O - a +2 helmet of intelligence (worn)
Magical Staves
 t - a staff of earth
Jewellery
 g - an amulet of regeneration (around neck)
 w - a ring of willpower (right hand)
 L - a ring of wizardry (left hand)
 M - a ring of positive energy
Wands
 c - a wand of polymorph (32)
 r - a wand of charming (4)
 u - a wand of iceblast (12)
 x - a wand of mindburst (18)
 C - a wand of flame (52)
Scrolls
 q - a scroll of summoning
 B - 3 scrolls of teleportation
 D - a scroll of blinking
 G - a scroll of amnesia
 J - a scroll of enchant weapon
Potions
 b - a potion of invisibility
 f - 4 potions of lignification
 i - 2 potions of magic
 l - a potion of haste
 m - a potion of brilliance
 v - a potion of curing
 F - a potion of ambrosia {unknown}
 H - a potion of resistance {unknown}
 I - a potion of attraction {unknown}
 K - a potion of might {unknown}


   Skills:
 + Level 3.0 Fighting
 + Level 2.8 Short Blades
 + Level 4.5 Staves
 * Level 7.7 Dodging
 + Level 4.7 Stealth
 + Level 19.7 Spellcasting
 + Level 2.7 Conjurations
 + Level 1.2 Hexes
 + Level 11.9 Ice Magic


You had 26 spell levels left.
You knew the following spells:

 Your Spells              Type           Power      Damage    Failure   Level
a - Freeze                Ice            100%       1d11      0%          1
b - Frozen Ramparts       Ice            100%       1d12      1%          3
c - Ozocubu's Armour      Ice            78%        N/A       1%          3
d - Hailstorm             Conj/Ice       63%        3d13      1%          4
e - Ensorcelled Hibernat  Hex/Ice        100%       N/A       1%          2
f - Swiftness             Air            28%        N/A       1%          3
g - Freezing Cloud        Conj/Ice/Air   27%        6-21      1%          5
h - Mephitic Cloud        Conj/Pois/Air  33%        N/A       1%          3

Your spell library contained the following spells:

 Spells                   Type           Power      Damage    Failure   Level
 Olgreb's Toxic Radiance  Pois           28%        N/A       1%          4
 Shock                    Conj/Air       100%       1d9       1%          1
 Spider Form              Tmut/Pois      28%        N/A       1%          3
 Airstrike                Air            14%        N/A       1%          4
 Anguish                  Hex/Necr       16%        N/A       4%          4


Dungeon Overview and Level Annotations

Branches:
Dungeon (8/15)             Temple (1/1) D:6            Lair (4/6) D:8
  Snake (0/4) Lair:3
  Swamp: Lair:2-4    Shoals: Lair:2-4

Altars:
Ashenzari
Cheibriados
Dithmenos
Elyvilon
Fedhas
Kikubaaqudgha
Makhleb
Nemelex Xobeh
Okawaru
Qazlal
Ru
Sif Muna
Trog
Uskayaw
Vehumet
Wu Jian
Xom
Yredelemnul
Zin
The Shining One

Shops:
D:6 [

Annotations:
D:8 4 transporters


Message History

The black mamba barely misses you.
The black mamba bites you but does no damage.
Aiming: Freeze (safe; 0% risk of failure)
Press: ? - help, Q - select action, (/) - cycle Shift-Dir - straight line, f - black mamba
Aim: a black mamba (moderately wounded)
You freeze the black mamba.
The black mamba is moderately wounded.
The black mamba seems to slow down.
* * * LOW HITPOINT WARNING * * *
You feel very sick. The black mamba misses you.
Aiming: Freeze (safe; 0% risk of failure)
Press: ? - help, Q - select action, (/) - cycle Shift-Dir - straight line, f/p - black mamba
Aim: a black mamba (moderately wounded, slow)
You freeze the black mamba!
The black mamba is heavily wounded.
The black mamba seems to slow down.
* * * LOW HITPOINT WARNING * * *
You feel very sick. The black mamba barely misses you. x2
You feel better. The black mamba bites you!
* * * LOW HITPOINT WARNING * * *
You are poisoned.
The black mamba poisons you!
Casting: Freeze (safe; 0% risk of failure)
Confirm with . or Enter, or press ? or * to list all spells.
Aiming: Freezing Cloud (dangerous; 1% risk of failure)
Press: ? - help, Dir - move target, p - black mamba
* * * LOW HITPOINT WARNING * * *
You feel very sick.
The black mamba bites you but does no damage.
Aiming: Freeze (safe; 0% risk of failure)
Press: ? - help, Q - select action, (/) - cycle Shift-Dir - straight line, f - black mamba
Aim: a black mamba (heavily wounded, slow)
You freeze the black mamba!
The black mamba is severely wounded.
* * * LOW HITPOINT WARNING * * *
You feel very sick. The black mamba bites you!
You die... ∙∙∙< ∙∙∙∙∙ ∙∙∙∙∙∙ ∙∙∙∙∙∙

▒∙∙∙▒ ∙ ▒▒▒∙∙∙▒ ∙∙∙
▒▒▒▒∙∙○☼▒▒ ∙∙▒
▒∙∙∙e∙∙#○▒ ∙∙∙▒P
▒∙∙∙S∙##∙▒▒∙∙∙∙∙
▒▒∙###∙∙∙▒∙∙∙∙∙▒
▒∙###∙∙∙∙∙∙∙∙∙∙
▒∙###∙∙∙∙∙∙∙∙∙∙∙∙∙∙▒
▒∙▒∙▒▒▒∙∙∙∙∙∙∙∙P∙∙∙∙∙
▒▒▒▒ ▒∙∙∙♣≈≈≈∙∙∙P∙∙∙∙
∙▒▒▒▒∙P∙♣≈≈♣≈♣∙P∙∙∙∙
∙∙∙∙∙∙∙∙♣♣≈≈≈≈♣∙∙♣∙∙


You could see a black mamba (slow).

Vanquished Creatures
  Gastronok (D:8)
  A hydra (Lair:3)
  A two-headed ogre (D:6)
  Pikel (D:8)
  4 lindwurms (Lair:2)
  Maurice (D:8)
  3 elephants (Lair:4)
  4 centaur zombies
  A black mamba (Lair:2)
  Maggie (D:6)
  7 cane toads
  3 komodo dragons
  Psyche (D:8)
  2 rime drakes
  A troll (D:5)
  11 blink frogs
  A polar bear (Lair:3)
  Sigmund (D:6)
  3 wyverns
  15 yaks
  A steam dragon (D:6)
  Grum (D:8)
  4 nagas (Lair:3)
  13 water moccasins
  An orc warrior (D:8)
  2 black bears
  4 ice beasts
  2 necrophages
  An ogre (D:4)
  4 wolves (D:8)
  12 bullfrogs
  2 scorpions
  A water moccasin skeleton (D:4)
  A wyvern skeleton (D:7)
  A vampire bat (Lair:2)
  A bullfrog zombie (D:3)
  4 hounds
  A jelly (D:5)
  3 orc priests
  Crazy Yiuf (D:6)
  An iguana (D:6)
  5 orc wizards
  4 hell rats (Lair:4)
  A hound skeleton (D:4)
  A gnoll (D:4)
  A howler monkey skeleton (D:7)
  12 adders
  2 shadow imps
  An ufetubus (D:7)
  2 worms
  17 orcs
  10 bats
  9 endoplasms
  7 giant cockroaches
  8 goblins
  5 hobgoblins
  A jackal (D:4)
  2 quokkas
  4 ball pythons
  3 frilled lizards
  10 kobolds
  7 rats
236 creatures vanquished.

Vanquished Creatures (others)
  67 fungi
  109 plants
176 creatures vanquished.

Grand Total: 412 creatures vanquished

Notes
Turn   | Place    | Note
-------+----------+-------------------------------------------
     0 | D:1      | Zeor the Deep Elf Ice Elementalist began the quest for the
                  | Orb.
     0 | D:1      | Reached XP level 1. HP: 10/10 MP: 6/6
   330 | D:1      | Reached XP level 2. HP: 11/15 MP: 5/8
   881 | D:1      | Found a faded altar of an unknown god.
  1160 | D:2      | Reached skill level 5 in Ice Magic
  1160 | D:2      | Reached XP level 3. HP: 15/19 MP: 7/10
  1289 | D:2      | Learned a level 3 spell: Frozen Ramparts
  1293 | D:2      | Learned a level 3 spell: Ozocubu's Armour
  1356 | D:2      | Reached skill level 4 in Spellcasting
  1911 | D:2      | Reached XP level 4. HP: 24/24 MP: 8/12
  2108 | D:3      | Reached skill level 5 in Spellcasting
  2776 | D:3      | Reached XP level 5. HP: 28/28 MP: 15/15
  2788 | D:3      | Learned a level 4 spell: Hailstorm
  3185 | D:4      | Noticed a necrophage
  3230 | D:4      | Killed a necrophage
  3231 | D:4      | Reached skill level 6 in Spellcasting
  3366 | D:4      | Reached skill level 1 in Short Blades
  3366 | D:4      | Reached XP level 6. HP: 31/32 MP: 5/17
  3758 | D:4      | Noticed an ice beast
  3796 | D:4      | Killed an ice beast
  3797 | D:4      | Reached skill level 7 in Spellcasting
  3890 | D:4      | Reached XP level 7. HP: 37/37 MP: 10/20
  3995 | D:4      | Found a basalt altar of Yredelemnul.
  4114 | D:4      | Reached skill level 1 in Fighting
  4417 | D:5      | Entered Level 5 of the Dungeon
  4439 | D:5      | Found a blossoming altar of Fedhas.
  4439 | D:5      | Found a broken altar of Ashenzari.
  4608 | D:5      | Noticed a troll
  4616 | D:5      | Killed a troll
  4617 | D:5      | Reached skill level 8 in Spellcasting
  4822 | D:5      | Reached skill level 9 in Spellcasting
  4822 | D:5      | Reached XP level 8. HP: 43/43 MP: 17/23
  5483 | D:6      | Found a glowing golden altar of the Shining One.
  5495 | D:6      | Found a shimmering altar of Xom.
  5506 | D:6      | Found a runed translucent door.
  5507 | D:6      | Noticed Crazy Yiuf
  5543 | D:6      | Noticed Maggie
  5545 | D:6      | Noticed Sigmund
  5715 | D:6      | Noticed a two-headed ogre
  5724 | D:6      | Killed a two-headed ogre
  5725 | D:6      | Reached skill level 11 in Spellcasting
  6118 | D:6      | Killed Sigmund
  6119 | D:6      | Reached XP level 9. HP: 47/47 MP: 15/26
  6256 | D:6      | Found a snail-covered altar of Cheibriados.
  6297 | D:6      | Reached skill level 12 in Spellcasting
  6377 | D:6      | Found Sarche's Armour Emporium.
  6690 | D:6      | Killed Maggie
  6866 | D:6      | Killed Crazy Yiuf
  7106 | D:7      | Reached skill level 1 in Staves
  7106 | D:7      | Reached skill level 13 in Spellcasting
  7452 | D:6      | Found a staircase to the Ecumenical Temple.
  7484 | Temple   | Entered the Ecumenical Temple
  7654 | Temple   | Became a worshipper of Vehumet
  8268 | D:7      | smsnelr
  8345 | D:8      | Noticed Psyche
  8352 | D:8      | Killed Psyche
  8353 | D:8      | Reached skill level 14 in Spellcasting
  8353 | D:8      | Reached XP level 10. HP: 53/53 MP: 20/30
  8370 | D:8      | Noticed Grum
  8375 | D:8      | Killed Grum
  8524 | D:8      | Noticed Maurice
  8527 | D:8      | Found a transporter.
  8530 | D:8      | Found a transporter.
  8571 | D:8      | Killed Maurice
  8653 | D:8      | Found a transporter.
  8657 | D:8      | Found a transporter.
  8718 | D:8      | Reached skill level 15 in Spellcasting
  8743 | D:8      | Reached * piety under Vehumet
  8743 | D:8      | Offered knowledge of Sandblast by Vehumet.
  8892 | D:8      | Noticed Gastronok
  8913 | D:8      | Killed Gastronok
  8914 | D:8      | Reached skill level 5 in Dodging
  8914 | D:8      | Reached skill level 1 in Conjurations
  8960 | D:8      | Reached skill level 16 in Spellcasting
  9080 | D:8      | Found a staircase to the Lair.
  9086 | D:8      | Learned a level 2 spell: Ensorcelled Hibernation
  9308 | D:8      | Reached XP level 11. HP: 58/58 MP: 20/33
  9437 | D:8      | Noticed Pikel
  9443 | D:8      | Killed Pikel
  9483 | D:8      | Found a transporter.
  9485 | D:8      | Found a transporter.
  9853 | Lair:1   | Entered Level 1 of the Lair of Beasts
  9988 | Lair:1   | Reached skill level 17 in Spellcasting
 10035 | Lair:1   | Reached skill level 10 in Ice Magic
 10104 | Lair:1   | Reached skill level 1 in Hexes
 10184 | Lair:1   | Reached ** piety under Vehumet
 10184 | Lair:1   | Offered knowledge of Scorch by Vehumet.
 10270 | Lair:1   | Reached skill level 18 in Spellcasting
 10775 | Lair:2   | Learned a level 3 spell: Swiftness
 11530 | Lair:2   | Noticed a lindwurm
 11640 | Lair:2   | Noticed a lindwurm
 11655 | Lair:2   | Noticed a lindwurm
 11711 | Lair:2   | Noticed a lindwurm
 11725 | Lair:2   | Killed a lindwurm
 11729 | Lair:2   | Killed a lindwurm
 11758 | Lair:2   | Killed a lindwurm
 11778 | Lair:2   | Killed a lindwurm
 11779 | Lair:2   | Reached XP level 12. HP: 60/64 MP: 12/36
 11787 | Lair:2   | Got Doetats's Guide on Harmful Darkness
 11794 | Lair:2   | Learned a level 5 spell: Freezing Cloud
 11828 | Lair:3   | Offered knowledge of Mephitic Cloud by Vehumet.
 11833 | Lair:3   | Learned a level 3 spell: Mephitic Cloud
 12048 | Lair:3   | Noticed a six-headed hydra
 12054 | Lair:3   | Killed a six-headed hydra
 12141 | Lair:3   | Reached *** piety under Vehumet
 12142 | Lair:3   | Reached skill level 19 in Spellcasting
 12532 | Lair:3   | Found a staircase to the Snake Pit.
 13442 | Lair:4   | Offered knowledge of Olgreb's Toxic Radiance by Vehumet.
 13463 | Lair:4   | HP: 3/64 [poisoned by a black mamba]
 13463 | Lair:4   | Mangled by a black mamba

Illustrated notes

♣≈∙♣♣∙(∙∙∙∙∙∙∙▒▒∙∙∙∙∙∙∙▒ ▒∙▒▒∙▒
♣P≈P♣∙▒▒▒▒∙∙▒▒▒▒▒∙∙∙∙∙∙▒ ▒∙▒▒∙▒
♣∙∙≈♣∙▒ ▒▒∙▒ ▒∙∙∙∙∙∙▒ ▒∙▒▒∙∙
▒▒∙∙∙∙▒ ▒∙▒ ▒▒▒∙▒▒▒▒▒▒∙<∙∙∙
▒▒▒▒▒▒ ▒∙▒▒▒▒▒▒▒∙▒∙∙∙∙∙∙▒▒∙▒
▒∙∙∙∙∙∙∙∙∙▒∙▒▒▒▒∙▒▒∙▒
▒▒∙▒▒▒▒▒▒▒▒▒∙▒▒▒▒∙∙∙▒▒
▒∙∙∙∙∙▒∙∙∙∙∙∙∙∙∙∙∙∙∙▒
▒∙▒∙▒e▒∙▒∙∙∙∙∙▒▒▒∙∙▒▒
▒∙∙∙▒∙▒∙▒▒∙▒∙∙▒▒▒∙∙▒ ▒▒▒▒▒▒
▒▒∙∙▒∙▒∙▒∙∙▒∙∙∙∙∙∙∙▒▒▒
∙∙∙∙∙▒▒▒▒▒▒▒▒▒▒▒∙▒∙▒▒∙▒▒∙▒▒▒▒∙∙∙∙
▒∙▒∙∙∙∙∙∙∙∙∙>▒▒▒∙▒∙▒∙∙∙∙∙▒ ▒∙∙▒▒
∙∙▒∙∙∙∙∙∙∙∙∙∙∙▒▒∙▒∙▒∙∙∙▒▒▒ ▒∙▒▒
▒▒▒∙∙∙∙▒∙▒▒▒▒∙▒∙∙▒∙∙∙∙∙▒ ▒▒▒∙▒▒
∙∙▒▒▒▒∙▒∙▒∙∙∙∙▒▒▒▒▒▒∙∙∙▒ ▒∙∙∙∙▒
▒∙∙∙∙▒∙▒∙▒∙▒▒▒▒ ▒∙∙∙▒ ▒∙▒∙∙▒


Turn 8268 on D:7: smsnelr

Levels and vault maps discovered:
D:1:      roderic_crop_circles_arrival_small, layout_loops_cross,
          basic_ecumenical_altar, feat_on_display
D:2:      layout_rooms
D:3:      layout_basic
D:4:      minmay_opposing_rooms, layout_loops_cross,
          nicolae_overflow_crystal_walls
D:5:      layout_loops_ring, mainiacjoe_overflow_divided_tiny
D:6:      layout_loops_ring, amcnicky_altar_gilded,
          mainiacjoe_overflow_big_doors, minmay_temple_entry_from_below_b,
          serial_shops, shop, uniq_maggie, uniq_crazy_yiuf_cottage, uniq_sigmund
D:7:      layout_loops_cross, serial_co_window_serial,
          co_window_of_opportunity_a, co_window_paths_a, co_window_paths_a,
          co_window_of_opportunity_a, co_window_of_opportunity_a,
          co_window_2corner, co_window_corner_b, co_window_corner_b,
          co_window_4corner_b, glass_columns_a, glass_columns_b,
          glass_columns_a, glass_columns_a, glass_columns_a,
          serial_bayou_crossing
D:8:      layout_loops_ring, due_lair_maze_entry_diamond, serial_nicolae_subway,
          nicolae_sub_station_metal, nicolae_sub_station_crystal,
          nicolae_sub_station_stone, uniq_maurice, uniq_pikel, uniq_grum,
          uniq_psyche, uniq_gastronok
Temple:   eino_narrow_crystal_temple
Lair:1:   layout_misc_corridors
Lair:2:   layout_chaotic_city, roderic_batcave, minmay_lindwurm_lava
Lair:3:   layout_chaotic_city, minmay_snake_entry_guardpost_small
Lair:4:   layout_regular_city, minmay_swamp_entry_worms, serial_bayou,
          serial_bayou_shore_a, serial_bayou_pond_e, serial_bayou_lagoon_a,
          serial_bayou_pond_a, basic_altar, uniq_urug

Skill      XL: |  1  2  3  4  5  6  7  8  9 10 11 12 |
---------------+-------------------------------------+-----
Ice Magic      | 5 6 7 8 9 11 | 11.9
Spellcasting   | 4 5 6 7 9 11 14 16 18 19 | 19.7
Stealth        | 3 4 |  4.7
Short Blades   | 1 2 |  2.8
Dodging        | 3 4 5 6 7 |  7.7
Fighting       | 1 2 3 |  3.0
Staves         | 3 4 |  4.5
Conjurations   | 1 2 |  2.7
Hexes          | 1 |  1.2

Action                   |  1- 3 |  4- 6 |  7- 9 | 10-12 || total
-------------------------+-------+-------+-------+-------++-------
Melee: Dagger            |     7 |   166 |    17 |       ||   190
       Punch             |       |     2 |       |       ||     2
       Short sword       |       |       |     3 |       ||     3
       Quarterstaff      |       |       |    41 |    43 ||    84
 Cast: Freeze            |    42 |    23 |    40 |   119 ||   224
       Frozen Ramparts   |     3 |    12 |    33 |    58 ||   106
       Ozocubu's Armour  |       |    13 |    17 |    29 ||    59
       Hailstorm         |       |     1 |    10 |    54 ||    65
       Ensorcelled Hiber |       |       |       |     8 ||     8
       Freezing Cloud    |       |       |       |    11 ||    11
       Mephitic Cloud    |       |       |       |     4 ||     4
  Use: Scroll            |     2 |     5 |     6 |     9 ||    22
       Potion            |       |     2 |     1 |     3 ||     6
 Stab: Sleeping          |     4 |     9 |     2 |     1 ||    16
Armor: Robe              |     5 |    71 |    54 |       ||   130
       Steam dragon scal |       |       |     3 |    78 ||    81
Dodge: Dodged            |    10 |    93 |    68 |   131 ||   302
